 Dungeon Crawl Stone Soup version 0.21-a0-513-gdcb3f5e (webtiles) character file.

30 Gerstahl the Cutter (level 3, 0/28 HPs)
             Began as a Demonspawn Gladiator on Dec 1, 2017.
             Slain by an adder (1 damage)
             ... on level 2 of the Dungeon.
             The game lasted 00:00:55 (656 turns).

Gerstahl the Cutter (Demonspawn Gladiator)           Turns: 656, Time: 00:00:55

Health: 0/28       AC:  4    Str: 14    XL:     3   Next: 3%
Magic:  3/3        EV: 12    Int:  9    God:
Gold:   63         SH:  0    Dex: 15    Spells: 2/2 levels left

rFire    . . .     SeeInvis .   a - +0 rapier
rCold    . . .     Gourm    .   (no shield)
rNeg     . . .     Faith    .   b - +0 leather armour
rPois    .         Spirit   .   c - +0 helmet
rElec    .         Reflect  .   (no cloak)
rCorr    .         Harm     .   (no gloves)
MR       .....                  (no boots)
Stlth    +.........             (no amulet)
HPRegen  0.09/turn              (no ring)
MPRegen  0.08/turn              (no ring)

@: lethally poisoned (0 -> -3)
A: claws 1
a: no special abilities


You were on level 2 of the Dungeon.
You were not hungry.

You visited 1 branch of the dungeon, and saw 2 of its levels.

You collected 63 gold pieces.

Inventory:

Hand Weapons
 a - a +0 rapier (weapon)
Missiles
 d - 3 throwing nets (quivered)
Armour
 b - a +0 leather armour (worn)
 c - a +0 helmet (worn)
Scrolls
 e - a scroll of amnesia {unknown}
 g - 2 scrolls of identify {unknown}
 h - a scroll of immolation {unknown}
 j - a scroll of teleportation {unknown}
 l - a scroll of remove curse {unknown}
Potions
 i - a potion of heal wounds {unknown}
 k - a potion of curing {unknown}
 m - a potion of haste {unknown}
Comestibles
 f - 2 bread rations


   Skills:
 + Level 2.8 Fighting
 + Level 3.3 Short Blades
 - Level 1.7 Throwing
 - Level 2.6 Dodging


You had 2 spell levels left.
You didn't know any spells.

Dungeon Overview and Level Annotations

Branches:
Dungeon (2/15)

Altars:


Innate Abilities, Weirdness & Mutations

You have sharp fingernails.


Message History

You closely miss the hobgoblin.
The hobgoblin is almost dead.
You feel sick.
The hobgoblin hits you but does no damage.
You hit the hobgoblin.
You kill the hobgoblin!
The adder bites you but does no damage.
You hit the adder but do no damage.
The adder is heavily wounded.
You feel sick. The adder bites you.
* * * LOW HITPOINT WARNING * * *
You closely miss the adder.
The adder is heavily wounded.
The adder bites you.
* * * LOW HITPOINT WARNING * * *
You hit the adder.
The adder is almost dead.
* * * LOW HITPOINT WARNING * * *
You feel sick. The adder bites you.
You die...

####### .....#
#...####...
#........# #...#
##..##########
#..S@.......#
#..########.# #.##
#># #. #.# #.
########.# #.
.........######
...########......##.#
#.# #.####.##.# ...
..# #.# #.##.#


You could see an adder.

Vanquished Creatures
  A dart slug (D:2)
  4 bats
  2 giant cockroaches (D:1)
  5 hobgoblins
  2 jackals (D:1)
  3 kobolds
  2 frilled lizards
  3 goblins
  2 rats (D:1)
24 creatures vanquished.

Notes
Turn   | Place    | Note
-------+----------+-------------------------------------------
     0 | D:1      | Gerstahl the Demonspawn Gladiator began the quest for the Orb.
     0 | D:1      | Reached XP level 1. HP: 16/16 MP: 1/1
    20 | D:1      | Reached skill level 3 in Short Blades
    20 | D:1      | Gained mutation: You have sharp fingernails. [demonic ancestry]
    20 | D:1      | Reached XP level 2. HP: 11/23 MP: 2/2
   621 | D:2      | Reached XP level 3. HP: 27/28 MP: 3/3
   656 | D:2      | HP: 1/28 [poisoned by an adder]
   656 | D:2      | Slain by an adder

Vault maps used:
D:1:      dpeg_arrival_stonehenge_8_columns
D:2:      chequers_ecumenical_altar_lobes, serial_forest,
          infiniplex_forest_straight_1, infiniplex_forest_clump_double,
          infiniplex_forest_straight_2, infiniplex_forest_corner_1,
          infiniplex_forest_corner_1, infiniplex_forest_corner_1,
          infiniplex_forest_clump_C

Skill      XL: |  1 |
---------------+----+-----
Short Blades   | 3 |  3.3
Fighting       | |  2.8
Throwing       | |  1.7
Dodging        | |  2.6

Action                   || total
-------------------------++-------
Melee: Rapier            ||    89
 Stab: Sleeping          ||     1
Armor: Leather armour    ||    26
Dodge: Dodged            ||    62

Table legend:
 A = Spawn XP
 B = Non-spawn XP
 C = Spawn XP percentage of total XP
 D = Spawn monster count
 E = Non-spawn monster count
 F = Spawn count percentage of total count
 G = Total turns spent on level
                    A         B        C        D         E        F      G
               +---------+---------+-------+---------+---------+-------+---------
         Total |       0 |      43 |   0.0 |       0 |      24 |   0.0 |   656
               +---------+---------+-------+---------+---------+-------+---------
           D:1 |       0 |      31 |   0.0 |       0 |      18 |   0.0 |   525
           D:2 |       0 |      12 |   0.0 |       0 |       6 |   0.0 |   131
               +---------+---------+-------+---------+---------+-------+---------
